 Dungeon Crawl Stone Soup version 0.17-a0-1519-g2001520 (webtiles) character file.

285 Jb9000 the Skirmisher (level 6, -1/52 HPs)
             Began as a Centaur Fighter on July 13, 2015.
             Was a Follower of Kikubaaqudgha.
             Slain by an orc priest
             ... wielding a +0 trident
              (7 damage)
             ... on level 3 of the Dungeon.
             The game lasted 00:14:51 (3424 turns).

Jb9000 the Skirmisher (Centaur Fighter)             Turns: 3424, Time: 00:14:51

Health: -1/52      AC:  8    Str: 18    XL:     6   Next: 7%
Magic:  8/8        EV:  9    Int:  8    God:    Kikubaaqudgha [*.....]
Gold:   116        SH:  0    Dex: 10    Spells: 1 memorised, 7 levels left

rFire  . . .     SeeInvis .     t - +0 dire flail
rCold  . . .     Clarity  .     y - +2 animal skin
rNeg   . . .     SustAt   .     (no shield)
rPois  .         Gourm    .     z - +0 helmet
rElec  .         Spirit   .     (no cloak)
rCorr  .         Warding  .     j - +0 pair of gloves
rMut   .         Stasis   .     (no barding)
MR     .....                    (no amulet)
Stlth  +.........               (no ring)
                                (no ring)

@: very slightly contaminated, hasted, very quick, not resistant to hostile
enchantments, very unstealthy
A: hooves 3, deformed body, speed 2, tough skin 3
a: Receive Corpses, Renounce Religion


You were on level 3 of the Dungeon.
You worshipped Kikubaaqudgha.
Kikubaaqudgha was aware of your devotion.
You were not hungry.

You visited 1 branch of the dungeon, and saw 3 of its levels.

You collected 116 gold pieces.

Inventory:

Hand weapons
 a - a +0 war axe
 t - a +0 dire flail (weapon)
Missiles
 o - 14 silver bolts
 u - 23 arrows
Armour
 b - a +0 scale mail
 c - a +0 shield
 j - a +0 pair of gloves (worn)
 y - a +2 animal skin (worn)
 z - a +0 helmet (worn)
Magical devices
 w - a wand of polymorph (9)
 A - a wand of hasting (3)
Scrolls
 g - 4 scrolls of identify
 m - 3 scrolls of remove curse {unknown}
 q - 2 scrolls of recharging {unknown}
 r - 3 scrolls of blinking {unknown}
 s - a scroll of magic mapping {unknown}
 v - a scroll of enchant armour {unknown}
Potions
 d - 2 potions of might
 f - 2 potions of haste
 i - a potion of mutation {unknown}
 k - a potion of cure mutation {unknown}
 l - 2 potions of resistance {unknown}
 n - a potion of agility {unknown}
 B - 2 potions of berserk rage {unknown}
Books
 h - Kikubaaqudgha's Reference Book on Evil Rituals
   (Kikubaaqudgha gifted it to you on level 3 of the Dungeon)

   Spells                             Type                      Level
   a - Pain                           Necromancy                   1
   b - Corpse Rot                     Necromancy                   2
   c - Sublimation of Blood           Necromancy                   2
   d - Vampiric Draining              Necromancy                   3
   e - Control Undead                 Necromancy                   4
Comestibles
 e - 5 bread rations
 p - 2 meat rations


   Skills:
 + Level 4.0 Fighting
 + Level 2.8 Axes
 + Level 0.3(1.7) Maces & Flails
 + Level 2.7 Armour
 * Level 1.4 Stealth
 + Level 2.8 Shields
 + Level 1.5 Spellcasting
 * Level 0.6 Necromancy


You had 7 spell levels left.
You knew the following spells:

 Your Spells              Type           Power        Failure   Level  Hunger
a - Pain                  Necr           #...         30%         1    ##.....


Dungeon Overview and Level Annotations

Branches:
Dungeon (3/15)

Altars:
Dithmenos
Elyvilon
Kikubaaqudgha
Qazlal
Yredelemnul


Innate Abilities, Weirdness & Mutations

You have hooves in place of feet.
Armour fits poorly on your strangely shaped body.
You cover ground very quickly.
You have extremely tough skin (AC +3).


Message History

Zapping:
w - a wand of polymorph (10)
Press: ? - help, Shift-Dir - straight line, f - orc priest
Aim: an orc priest, wielding a trident (chance to defeat MR: 46%) Nothing appears to happen.
This wand has 9 charges left.
Something hits you.
* * * LOW HITPOINT WARNING * * *
You hit something but do no damage. You kick something.
Kikubaaqudgha accepts your kill.
Reactivating autopickup.
You have reached level 6!
Your experience leads to an increase in your attributes!
Increase (S)trength, (I)ntelligence, or (D)exterity?
You feel clever.
You feel a bit more experienced.
The orc priest hits you from afar with a trident!
* * * LOW HITPOINT WARNING * * *
Things that are here:
a dagger; a robe; an orc corpse You closely miss the orc priest.
The orc priest hits you with a trident!
You die...
Kikubaaqudgha rasps: "You have failed me!
Welcome... death!"

#### ### ...#
##.## ##.#
##...###### ##.#
#.........# ##.#
##...####.# ##.#
##.## #)# ##.# #)#
#@# ##.# #)# #o#
##.# #.# #.# .#.##
#.# #.#
....######.#####.$
...(..............
#.............####
..#.###.#####.#
###.# #.# .#


You could see an orc priest.

Vanquished Creatures
  2 orc wizards (D:3)
  An orc priest (D:3)
  Jessica (D:3)
  A worker ant (D:2)
  A gnoll (D:2)
  Robin (D:2)
  4 adders
  An ooze (D:2)
  3 worms
  3 orcs (D:3)
  4 giant cockroaches
  5 hobgoblins
  2 jackals (D:2)
  4 kobolds
  2 quokkas
  7 bats
  3 giant newts
  13 goblins
  2 rats
  A spectral orc (D:3)
61 creatures vanquished.

Vanquished Creatures (others)
  An orc wizard (D:3)
1 creature vanquished.

Grand Total: 62 creatures vanquished

Notes
Turn   | Place    | Note
--------------------------------------------------------------
     0 | D:1      | Jb9000 the Centaur Fighter began the quest for the Orb.
     0 | D:1      | Reached XP level 1. HP: 19/19 MP: 1/1
   652 | D:2      | Reached XP level 2. HP: 17/26 MP: 2/2
  1120 | D:2      | Found a stormy altar of Qazlal.
  1199 | D:2      | Reached XP level 3. HP: 31/31 MP: 2/4
  2032 | D:2      | Found a white marble altar of Elyvilon.
  2032 | D:2      | Found a shadowy altar of Dithmenos.
  2033 | D:2      | Found an ancient bone altar of Kikubaaqudgha.
  2054 | D:2      | Became a worshipper of Kikubaaqudgha
  2203 | D:3      | Noticed Robin
  2207 | D:2      | Reached XP level 4. HP: 28/38 MP: 5/5
  2418 | D:2      | Killed Robin
  2418 | D:2      | Reached skill level 1 in Spellcasting
  2677 | D:3      | Reached XP level 5. HP: 39/46 MP: 6/6
  2765 | D:3      | Reached skill level 1 in Stealth
  2807 | D:3      | Noticed Jessica
  2828 | D:3      | Killed Jessica
  2828 | D:3      | Acquired Kikubaaqudgha's first power
  2828 | D:3      | Received a gift from Kikubaaqudgha
  2829 | D:3      | Identified Kikubaaqudgha's Reference Book on Evil Rituals (Kikubaaqudgha gifted it to you on level 3 of the Dungeon)
  2832 | D:3      | Learned a level 1 spell: Pain
  3111 | D:3      | Found a basalt altar of Yredelemnul.
  3176 | D:3      | Reached skill level 4 in Fighting
  3422 | D:3      | Reached XP level 6. HP: 13/52 MP: 8/8
  3424 | D:3      | Slain by an orc priest

Vault maps used:
D:1:      elethiomel_arrival_quiet, serial_bayou_pond_a, serial_bayou_ford_a,
          serial_bayou_lake_a
D:2:      nicolae_overflow_crystal_walls, gammafunk_temple_overflow_claw,
          first_bread
D:3:      yredelemnul_forgotten_temple_becter, st_stairs_2, grunt_ministairs_11,
          uniq_robin, uniq_jessica

Action                   |  1- 3 |  4- 6 || total
-------------------------+-------+-------++-------
Melee: War axe           |    99 |    75 ||   174
       Unarmed           |       |     1 ||     1
       Dire flail        |       |    59 ||    59
Evoke: Wand              |       |     2 ||     2
  Use: Potion            |     2 |       ||     2
       Scroll            |       |     2 ||     2
  Eat: Chunk             |     1 |     2 ||     3
       Royal jelly       |     1 |       ||     1
       Pizza             |       |     1 ||     1
